 Dungeon Crawl Stone Soup version 0.29.1-1-gd02db6906a (webtiles) character file.

Game seed: 9440639028426010525

6 H0rd4k the Insei (level 1, -4/13 HPs)
             Began as an Octopode Transmuter on Oct 16, 2022.
             Slain by a kobold
             ... wielding a +3 short sword
              (7 damage)
             ... on level 1 of the Dungeon.
             The game lasted 00:00:18 (162 turns).

H0rd4k the Insei (Octopode Transmuter)               Turns: 162, Time: 00:00:19

Health: -4/13      AC:  1    Str:  9    XL:     1   Next: 90%
Magic:  3/3        EV: 13    Int: 15    God:
Gold:   0          SH:  0    Dex: 12    Spells: 3/4 levels left

rFire   . . .      SeeInvis .     - Unarmed
rCold   . . .      Faith    .   (no shield)
rNeg    . . .      Spirit   .   (helmet restricted)
rPois   .          Reflect  .   (no amulet)
rElec   .          Harm     .   (no ring)
rCorr   .          Rampage  .   (no ring)
Will    .....                   (no ring)
Stlth   ++........              (no ring)
HPRegen 0.04/turn               (no ring)
MPRegen 0.08/turn               (no ring)
                                (no ring)
                                (no ring)

@: no status effects
A: almost no armour, amphibious, 8 rings, camouflage 1, gelatinous body 1,
(nimble swimmer 1), tentacles
a: no special abilities


You were on level 1 of the Dungeon.
You visited 1 branch of the dungeon, and saw 1 of its levels.

Inventory:

Scrolls
 c - a scroll of noise {unknown}
 d - 2 scrolls of poison {unknown}
 e - 2 scrolls of identify {unknown}
Potions
 a - a potion of lignification
 b - a potion of flight {unknown}


   Skills:
 + Level 1.0 Fighting
 + Level 2.0 Dodging
 + Level 3.3 Unarmed Combat
 + Level 2.0 Spellcasting
 + Level 2.0 Transmutations


You had 3 spell levels left.
You knew the following spells:

 Your Spells              Type           Power      Damage    Failure   Level
a - Beastly Appendage     Tmut           14%        N/A       10%         1

Your spell library contained the following spells:

 Spells                   Type           Power      Damage    Failure   Level
 Wereblood                Tmut           7%         N/A       14%         2
 Spider Form              Tmut/Pois      4%         N/A       41%         3
 Ice Form                 Ice/Tmut       4%         N/A       82%         4


Dungeon Overview and Level Annotations

Branches:
Dungeon (1/15)

Altars:

Shops:
D:1 [


Innate Abilities, Weirdness & Mutations

You cannot wear most types of armour.
You are amphibious.
You can wear up to eight rings at the same time.
Your skin changes colour to match your surroundings (Stealth+).
Your rubbery body absorbs attacks. (AC +1, EV +1)
((You are camouflaged when in or above water. (Stealth+)))
You have tentacles for arms and can constrict up to eight enemies at once.


Message History

You kill the bat!
A kobold comes into view. It is wielding a +3 short sword.
The kobold throws a stone.
The stone closely misses you.
The kobold shouts!
You see here a bat corpse.
You closely miss the hobgoblin. Your grab misses the hobgoblin.
The kobold throws a stone.
The stone barely misses you. The hobgoblin misses you.
You tentacle-slap the hobgoblin. Your grab misses the hobgoblin.
The hobgoblin is heavily wounded.
The hobgoblin closely misses you.
You tentacle-slap the hobgoblin.
You kill the hobgoblin!
The kobold throws a stone.
The stone hits you but does no damage. The kobold barely misses you.
You barely miss the kobold. Your grab misses the kobold.
The kobold hits you with a +3 short sword.
You tentacle-slap the kobold. Your grab misses the kobold.
The kobold is heavily wounded.
The kobold barely misses you. The kobold misses you.
You tentacle-slap the kobold but do no damage.
Your grab misses the kobold.
The kobold is moderately wounded.
The kobold closely misses you.
The kobold hits you with a +3 short sword.
You tentacle-slap the kobold. You grab the kobold.
The kobold is heavily wounded.
You constrict the kobold, but do no damage.
The kobold misses you.
The kobold hits you with a +3 short sword.
* * * LOW HITPOINT WARNING * * *
You are too injured to fight recklessly!
You are too injured to fight recklessly!
You are too injured to fight recklessly!
You are too injured to fight recklessly!
You constrict the kobold, but do no damage.
The kobold hits you but does no damage.
The kobold hits you with a +3 short sword!
Ouch! That really hurt!
You die...

....# ....# ....#
############
....#####..........#
...................#
...................+
....#####..........#
....# #..........#
..#######.......@.##
..†....#####+#..KK#
..#...∩## #.......
..#.#...##
.[........
#.#......#
###..)......#
#...8...8#
#.........#
#####'''####
###........
#.........#
#........
#.........#


You could see 2 kobolds.

Vanquished Creatures
  A dart slug (D:1)
  A hobgoblin (D:1)
  A bat (D:1)
  2 rats (D:1)
5 creatures vanquished.

Notes
Turn   | Place    | Note
-------+----------+-------------------------------------------
     0 | D:1      | H0rd4k the Octopode Transmuter began the quest for the Orb.
     0 | D:1      | Reached XP level 1. HP: 13/13 MP: 3/3
    31 | D:1      | Found Yphuisib's Antique Armour Shop.
   162 | D:1      | Slain by a kobold

Illustrated notes

Levels and vault maps discovered:
D:1:      scummos_arrival_gate, layout_basic, ebering_ecumenical_altar_rust,
          serial_shops, shop

Action                   || total
-------------------------++-------
Melee: Unarmed           ||    17
       Constrict         ||     4
       Tentacles         ||     1
Armor: Skin              ||     3
Dodge: Dodged            ||    15
